 Dungeon Crawl Stone Soup version 0.17.2-1-ge4368a0 (webtiles) character file.

60 Goblin1989 the Chopper (level 3, -1/29 HPs)
             Began as a Demonspawn Abyssal Knight on Nov 9, 2016.
             Was a Believer of Lugonu.
             Slain by a quokka (2 damage)
             ... on level 2 of the Dungeon.
             The game lasted 00:04:59 (1468 turns).

Goblin1989 the Chopper (Demonspawn Abyssal Knight)  Turns: 1468, Time: 00:04:59

Health: -1/29      AC: 10    Str: 13    XL:     3   Next: 80%
Magic:  4/4        EV:  3    Int: 13    God:    Lugonu [**....]
Gold:   44         SH:  0    Dex: 12    Spells: 0 memorised, 2 levels left

rFire  . . .     SeeInvis .     a - +1 hand axe
rCold  + . .     Clarity  .     t - +0 plate armour
rNeg   . . .     SustAt   .     (no shield)
rPois  .         Gourm    .     (no helmet)
rElec  .         Spirit   .     (no cloak)
rCorr  .         Warding  .     (no gloves)
rMut   .         Stasis   .     (no boots)
MR     +....                    (no amulet)
Stlth  ..........               (no ring)
                                m - ring of protection from magic

@: very slightly contaminated, invisible, somewhat resistant to hostile
enchantments, extremely unstealthy
A: cold resistance 1
a: Depart the Abyss, Bend Space, Renounce Religion


You were on level 2 of the Dungeon.
You worshipped Lugonu.
Lugonu was pleased with you.
You were not hungry.

You visited 1 branch of the dungeon, and saw 2 of its levels.
You visited the Abyss 1 time.

You collected 44 gold pieces.

Inventory:

Hand Weapons
 a - a +1 hand axe (weapon)
Missiles
 k - 14 poisoned needles
 l - 3 javelins (quivered)
 n - 43 arrows
 o - 38 stones
 p - 25 bolts
 q - 14 exploding sling bullets
Armour
 t - a +0 plate armour (worn)
Jewellery
 m - a ring of protection from magic (left hand)
Scrolls
 b - 3 scrolls of remove curse {unknown}
 d - a scroll of fog {unknown}
 f - a scroll of enchant armour {unknown}
 g - a scroll of blinking {unknown}
 h - 3 scrolls of teleportation {unknown}
Potions
 e - a potion of cure mutation {unknown}
 i - a potion of brilliance {unknown}
Comestibles
 c - a bread ration {@e1}
 j - a slice of pizza
 s - a beef jerky


   Skills:
 - Level 3.0 Fighting
 * Level 3.7 Axes
 + Level 1.8 Armour
 - Level 0.8 Dodging
 - Level 2.4 Invocations


You had 2 spell levels left.
You didn't know any spells.

Dungeon Overview and Level Annotations

Branches:
Dungeon (2/15)

Altars:


Innate Abilities, Weirdness & Mutations

Your flesh is cold resistant.


Message History

Drink which item? (? for menu, Esc to quit)
It was a potion of invisibility.
You fade into invisibility!
The quokka bites you but does no damage.
The adder bites you but does no damage.
You are very lightly contaminated with residual magic.
Unknown command.
You miss the adder.
The adder is moderately wounded.
You miss the quokka.
The quokka is severely wounded.
The adder barely misses you.
The quokka bites you but does no damage.
Unknown command.
You closely miss the adder.
The adder is moderately wounded.
You closely miss the quokka.
The quokka is severely wounded.
The adder bites you but does no damage. The quokka bites you.
You die... █████

█.█.█ █...█ █.█.███
█...█ █.....████
████...████.███.██.██
█.........█.█ █.....█
█...........███.██.██
██.......).█.....██.██
....[...r███.█.█.....█
██.██..@.█
█.█.█.███.███ █..S.█
█.█ █.█ █.... ██.█.█
█.█ █.███.███ █.█.█
█.█ █.....█ .%█!█
█.█.███.█████ ......
............█ ███ .█
█.█.......█.█ .█
█.█████.█ █ █.█.█


You could see an adder and a quokka.

Vanquished Creatures
  An adder (D:2)
  An ooze (D:1)
  2 giant geckos
  A giant cockroach (D:1)
  5 hobgoblins (D:1)
  8 jackals (D:1)
  6 kobolds
  A quokka (D:2)
  6 bats
  6 giant newts
  4 goblins
  4 rats
45 creatures vanquished.

Notes
Turn   | Place    | Note
--------------------------------------------------------------
     0 | Abyss:1  | Goblin1989 the Demonspawn Abyssal Knight began the quest for the Orb.
     0 | Abyss:1  | Reached XP level 1. HP: 18/18 MP: 2/2
    55 | Abyss:1  | Noticed a smoke demon
    56 | D:1      | Escaped the Abyss
   247 | D:1      | Reached * piety under Lugonu
   247 | D:1      | Gained mutation: Your flesh is cold resistant. [demonic ancestry]
   247 | D:1      | Reached XP level 2. HP: 17/24 MP: 3/3
   576 | D:1      | Reached XP level 3. HP: 21/29 MP: 4/4
   799 | D:1      | Reached ** piety under Lugonu
  1465 | D:2      | HP: 1/29 [quokka (3)]
  1468 | D:2      | Slain by a quokka

Action                   || total
-------------------------++-------
Melee: Hand axe          ||   168
Invok: Depart the Abyss  ||     1
  Use: Potion            ||     1
 Stab: Sleeping          ||     1
  Eat: Chunk             ||     2

Vault maps used:
D:1:      minmay_arrival_widening_spiral_wide, hangedman_decor_opposing,
          minmay_circled_x
